SAA
ATLANTIC CITY SONICS @ SUN PRAIRIE SWALLOWS
07/23/2019
 
TOP OF THE 1ST
Atlantic City Sonics batting - Pitching for Sun Prairie Swallows : RHP Jeff Cox
Pitching: RHP Jeff Cox
Batting: LHB Neal Hart 0-0: Ball
1-0: Ball
2-0: Foul Ball, location: 2F
2-1: Swinging Strike
2-2: Ball
3-2: Base on Balls
Batting: RHB Leonard Jones 0-0: Ball
1-0: Foul Ball, location: 2F
1-1: Fly out, F3 (Line Drive, 34S)
1-1: Lined into DP, U3 (Line Drive, 34S)
Batting: RHB António Granados 0-0: Ball
1-0: Fly out, F8 (Flyball, 8RD)
Top of the 1st over - 0 run(s), 0 hit(s), 0 error(s), 0 left on base; Atlantic City 0 - Sun Prairie 0
BOTTOM OF THE 1ST
Sun Prairie Swallows batting - Pitching for Atlantic City Sonics : RHP Victor Brey
Pitching: RHP Victor Brey
Batting: RHB Monty Sharp 0-0: Ball
1-0: Ball
2-0: Ball
3-0: Base on Balls
Batting: RHB Barry Welch 0-0: Ball
1-0: Ball
2-0: Swinging Strike
2-1: Ball
3-1: Foul Ball, location: 2F
3-2: Fly out, F7 (Flyball, 7S)
3-2: Fly out, F7 (Flyball, 7S)
Batting: RHB Jon Erickson 0-0: Foul Ball, location: 2F
0-1: Ball
1-1: Fly out, F7 (Flyball, 78M)
Batting: RHB David Morales 0-0: Ball
1-0: Ball
2-0: Ball
3-0: Called Strike
3-1: SINGLE (Groundball, 34D)
Monty Sharp to second
Runner from 2nd tries for 3rd, SAFE, throw made to third
David Morales to second
Batting: LHB Kent Roberts 0-0: Called Strike
0-1: Ball
1-1: Ball
2-1: SINGLE (Groundball, 34D)
Monty Sharp scores
David Morales to third
Runner from 3rd tries for Home, SAFE, no throw or cutoff
Batting: RHB Ron Williams 0-0: Ball
1-0: Called Strike
1-1: Ball
2-1: Ball
3-1: Foul Ball, location: 2F
3-2: Foul Ball, location: 2F
3-2: SINGLE (Line Drive, 6M)
Kent Roberts to second
Kent Roberts to third
Batting: RHB Ernesto Fernández 0-0: Foul Ball, location: 2F
0-1: Ball
1-1: Ball
2-1: Fly out, F7 (Flyball, 78M)
Bottom of the 1st over - 2 run(s), 3 hit(s), 0 error(s), 2 left on base; Atlantic City 0 - Sun Prairie 2
TOP OF THE 2ND
Atlantic City Sonics batting - Pitching for Sun Prairie Swallows : RHP Jeff Cox
Batting: LHB Kip Burks 0-0: Foul Ball, location: 2F
0-1: Ball
1-1: Ball
2-1: Ball
3-1: Foul Ball, location: 2F
3-2: SINGLE (Line Drive, 6MD)
Batting: RHB Chris Teague 0-0: Ball
1-0: Ball
2-0: Called Strike
2-1: Grounds into double play, U4-3 (Groundball, 4)
Batting: RHB Chris Henderson 0-0: Fly out, F7 (Flyball, 7S)
Top of the 2nd over - 0 run(s), 1 hit(s), 0 error(s), 0 left on base; Atlantic City 0 - Sun Prairie 2
BOTTOM OF THE 2ND
Sun Prairie Swallows batting - Pitching for Atlantic City Sonics : RHP Victor Brey
Batting: RHB Dan Bernard 0-0: Ball
1-0: Swinging Strike
1-1: Ball
2-1: Ball
3-1: SINGLE (Groundball, 34D) (infield hit)
Batting: RHB Dave Moulin 0-0: Ball
1-0: Called Strike
1-1: Foul Ball, location: 2F
1-2: Strikes out swinging
Batting: RHB Monty Sharp 0-0: Ball
1-0: Called Strike
1-1: Fly out, F5 (Popup, 5SF)
Batting: RHB Barry Welch 0-0: Called Strike
0-1: Foul Ball, location: 2F
0-2: Ball
1-2: Fly out, F8 (Flyball, 8RM)
Bottom of the 2nd over - 0 run(s), 1 hit(s), 0 error(s), 1 left on base; Atlantic City 0 - Sun Prairie 2
TOP OF THE 3RD
Atlantic City Sonics batting - Pitching for Sun Prairie Swallows : RHP Jeff Cox
Batting: RHB Marty Hayden 0-0: Called Strike
0-1: Called Strike
0-2: Hit by Pitch
Batting: RHB Robbie Chambers 0-0: Ball
1-0: Foul Ball, location: 2F
1-1: Ball
2-1: Foul Ball, location: 2F
2-2: Foul Ball, location: 2F
2-2: SINGLE (Line Drive, 3)
Marty Hayden to second
Batting: RHB Jim Scott 0-0: Ball
1-0: Called Strike
1-1: Ground out 2-3 (Groundball, 25)
Marty Hayden to third
Robbie Chambers to second
Batting: LHB Neal Hart 0-0: Ball
1-0: Ball
Wild Pitch!
Marty Hayden scores
Robbie Chambers to third
2-0: Ball
3-0: Base on Balls
Batting: RHB Leonard Jones 0-0: Ball
1-0: Ball
2-0: Swinging Strike
2-1: Fly out, F7 (Flyball, 78M)
Runner from 3rd tags up, SCORES, no throw
Batting: RHB António Granados 0-0: Called Strike
0-1: Hit by Pitch
Neal Hart to second
Batting: LHB Kip Burks 0-0: Ball
1-0: Ball
2-0: Ball
3-0: Called Strike
3-1: Called Strike
3-2: Reached on error, E3 (Groundball, 34)
Neal Hart scores
António Granados to third
Batting: RHB Chris Teague 0-0: Called Strike
0-1: Ball
Wild Pitch!
António Granados scores
Kip Burks to third
1-1: Swinging Strike
1-2: Foul Ball, location: 2F
1-2: Strikes out looking
Top of the 3rd over - 4 run(s), 1 hit(s), 1 error(s), 1 left on base; Atlantic City 4 - Sun Prairie 2
BOTTOM OF THE 3RD
Sun Prairie Swallows batting - Pitching for Atlantic City Sonics : RHP Victor Brey
Batting: RHB Jon Erickson 0-0: Called Strike
0-1: Ball
1-1: Ball
2-1: Called Strike
2-2: Ground out 5-3 (Groundball, 5S)
Batting: RHB David Morales 0-0: Foul Ball, location: 2F
0-1: Ball
1-1: Swinging Strike
1-2: Ball
2-2: Strikes out looking
Batting: LHB Kent Roberts 0-0: Called Strike
0-1: Foul Ball, location: 2F
0-2: Foul Ball, location: 2F
0-2: Ball
1-2: SINGLE (Flyball, 8LM)
Batting: RHB Ron Williams 0-0: Called Strike
0-1: Ball
Kent Roberts steals 2nd base
1-1: Fly out, F9 (Flyball, 9S)
Bottom of the 3rd over - 0 run(s), 1 hit(s), 0 error(s), 1 left on base; Atlantic City 4 - Sun Prairie 2
TOP OF THE 4TH
Atlantic City Sonics batting - Pitching for Sun Prairie Swallows : RHP Jeff Cox
Batting: RHB Chris Henderson 0-0: SINGLE (Groundball, 5D)
Batting: RHB Marty Hayden 0-0: Ball
1-0: Ball
2-0: Reached on error, E6 (Groundball, 6)
Chris Henderson to second
Batting: RHB Robbie Chambers 0-0: Ball
1-0: Reached on error, E6 (Groundball, 6)
Chris Henderson to third
Marty Hayden to second
Batting: RHB Jim Scott 0-0: Ball
1-0: Foul Ball, location: 2F
1-1: Ball
2-1: Called Strike
2-2: Fly out, F8 (Flyball, 8RM)
Runner from 3rd tags up, SCORES, no throw
Pitching: RHP Vicente Hernández
Batting: LHB Neal Hart 0-0: Ball
1-0: Called Strike
1-1: Swinging Strike
1-2: Strikes out swinging
Batting: RHB Leonard Jones 0-0: Foul Ball, location: 2F
0-1: Ground out 1-3 (Groundball, 13S)
Top of the 4th over - 1 run(s), 1 hit(s), 2 error(s), 2 left on base; Atlantic City 5 - Sun Prairie 2
BOTTOM OF THE 4TH
Sun Prairie Swallows batting - Pitching for Atlantic City Sonics : RHP Victor Brey
Batting: RHB Ernesto Fernández 0-0: Ball
1-0: SINGLE (Line Drive, 4MD)
Batting: RHB Dan Bernard 0-0: Called Strike
0-1: Grounds into double play, 4-6-3 (Groundball, 4)
Batting: RHB Dave Moulin 0-0: Ball
1-0: Ball
2-0: Ball
3-0: Base on Balls
Batting: RHB Monty Sharp 0-0: Ball
1-0: Called Strike
1-1: Ball
2-1: Swinging Strike
2-2: Foul Ball, location: 2F
2-2: SINGLE (Groundball, 6M)
Dave Moulin to second
Runner from 2nd tries for 3rd, SAFE, no throw or cutoff
Batting: RHB Barry Welch 0-0: Fielders Choice at 2nd, 6-4 (Groundball, 56)
Bottom of the 4th over - 0 run(s), 2 hit(s), 0 error(s), 1 left on base; Atlantic City 5 - Sun Prairie 2
TOP OF THE 5TH
Atlantic City Sonics batting - Pitching for Sun Prairie Swallows : RHP Vicente Hernández
Batting: RHB António Granados 0-0: Called Strike
0-1: Swinging Strike
0-2: Ball
1-2: Ball
2-2: Ball
3-2: Strikes out looking
Batting: LHB Kip Burks 0-0: Ball
1-0: Called Strike
1-1: Foul Ball, location: 2F
1-2: Strikes out looking
Batting: RHB Chris Teague 0-0: Called Strike
0-1: Ball
1-1: Foul Ball, location: 2F
1-2: Foul Ball, location: 2F
1-2: SINGLE (Line Drive, 6MD)
Batting: RHB Chris Henderson 0-0: Foul Ball, location: 2F
0-1: SINGLE (Line Drive, 9LM)
Chris Teague to second
Batting: RHB Marty Hayden 0-0: Called Strike
0-1: Swinging Strike
0-2: Ball
1-2: SINGLE (Groundball, 6M)
Chris Teague to third
Chris Henderson to second
Runner from 3rd tries for Home, SAFE, no throw or cutoff
Batting: RHB Robbie Chambers 0-0: Ball
1-0: Foul Ball, location: 2F
1-1: Ball
2-1: Ball
3-1: Base on Balls
Chris Henderson to third
Marty Hayden to second
Batting: RHB Jim Scott 0-0: Foul Ball, location: 2F
0-1: Swinging Strike
0-2: Strikes out swinging
Top of the 5th over - 1 run(s), 3 hit(s), 0 error(s), 3 left on base; Atlantic City 6 - Sun Prairie 2
BOTTOM OF THE 5TH
Sun Prairie Swallows batting - Pitching for Atlantic City Sonics : RHP Victor Brey
Batting: RHB Jon Erickson 0-0: Called Strike
0-1: Ball
1-1: Fly out, F9 (Flyball, 9M)
Batting: RHB David Morales 0-0: Ball
1-0: Foul Ball, location: 2F
1-1: Foul Ball, location: 2F
1-2: Ground out 5-3 (Groundball, 56)
Batting: LHB Kent Roberts 0-0: Swinging Strike
0-1: Ball
1-1: Ball
2-1: Ball
3-1: Foul Ball, location: 2F
3-2: DOUBLE (Line Drive, 89M)
Batting: RHB Ron Williams 0-0: Called Strike
0-1: Ball
1-1: Called Strike
1-2: Ball
2-2: SINGLE (Line Drive, 6M)
Kent Roberts to third
Batting: RHB Ernesto Fernández 0-0: Swinging Strike
0-1: Ball
1-1: Called Strike
1-2: Foul Ball, location: 2F
1-2: Strikes out swinging
Bottom of the 5th over - 0 run(s), 2 hit(s), 0 error(s), 2 left on base; Atlantic City 6 - Sun Prairie 2
TOP OF THE 6TH
Atlantic City Sonics batting - Pitching for Sun Prairie Swallows : RHP Vicente Hernández
Batting: LHB Neal Hart 0-0: DOUBLE (Groundball, 5D)
Batting: RHB Leonard Jones 0-0: Fly out, F9 (Flyball, 8RM)
Batting: RHB António Granados 0-0: Ball
1-0: Ball
2-0: Called Strike
2-1: Foul Ball, location: 2F
2-2: Foul Ball, location: 2F
2-2: Strikes out swinging
Pitching: RHP Lewis Miller
Batting: LHB Kip Burks 0-0: Ball
1-0: Ball
2-0: Swinging Strike
2-1: Foul Ball, location: 2F
2-2: Ball
3-2: Strikes out swinging
Top of the 6th over - 0 run(s), 1 hit(s), 0 error(s), 1 left on base; Atlantic City 6 - Sun Prairie 2
BOTTOM OF THE 6TH
Sun Prairie Swallows batting - Pitching for Atlantic City Sonics : RHP Victor Brey
Batting: RHB Dan Bernard 0-0: Foul Ball, location: 2F
0-1: Called Strike
0-2: Foul Ball, location: 2F
0-2: Ball
1-2: Ground out 4-3 (Groundball, 6M)
Batting: RHB Dave Moulin 0-0: SINGLE (Line Drive, 9LS)
Pitching: LHP José Castro
Batting: RHB Monty Sharp 0-0: Called Strike
0-1: Called Strike
0-2: Ball
1-2: Foul Ball, location: 2F
1-2: Strikes out swinging
Batting: RHB Barry Welch 0-0: Called Strike
0-1: Ball
1-1: SINGLE (Flyball, 7S)
Dave Moulin to second
Batting: RHB Jon Erickson 0-0: Called Strike
0-1: Ground out 6-3 (Groundball, 6)
Bottom of the 6th over - 0 run(s), 2 hit(s), 0 error(s), 2 left on base; Atlantic City 6 - Sun Prairie 2
TOP OF THE 7TH
Atlantic City Sonics batting - Pitching for Sun Prairie Swallows : RHP Lewis Miller
Batting: RHB Chris Teague 0-0: Ball
1-0: Ball
2-0: SINGLE (Line Drive, 56)
Batting: RHB Chris Henderson 0-0: Ball
1-0: SINGLE (Flyball, 8RS)
Chris Teague to second
Batting: RHB Marty Hayden 0-0: Called Strike
0-1: Fly out, F9 (Flyball, 9LM)
Batting: RHB Robbie Chambers 0-0: Ball
1-0: Foul Ball, location: 2F
1-1: Fly out, F4 (Popup, 34)
Batting: RHB Jim Scott 0-0: Ball
1-0: Ball
2-0: Called Strike
2-1: Ball
3-1: Fly out, F4 (Popup, 4D)
Top of the 7th over - 0 run(s), 2 hit(s), 0 error(s), 2 left on base; Atlantic City 6 - Sun Prairie 2
BOTTOM OF THE 7TH
Sun Prairie Swallows batting - Pitching for Atlantic City Sonics : LHP José Castro
Batting: RHB David Morales 0-0: Swinging Strike
0-1: Fly out, F8 (Line Drive, 8LS)
Batting: LHB Kent Roberts 0-0: Ball
1-0: Swinging Strike
1-1: Foul Ball, location: 2F
1-2: Ball
2-2: Strikes out looking
Batting: RHB Ron Williams 0-0: Called Strike
0-1: Reached on error, E5 (Groundball, 5S)
Batting: RHB Ernesto Fernández 0-0: Foul Ball, location: 2F
0-1: Fly out, F8 (Flyball, 8LM)
Bottom of the 7th over - 0 run(s), 0 hit(s), 1 error(s), 1 left on base; Atlantic City 6 - Sun Prairie 2
TOP OF THE 8TH
Atlantic City Sonics batting - Pitching for Sun Prairie Swallows : RHP Lewis Miller
Batting: LHB Neal Hart 0-0: Ball
1-0: Swinging Strike
1-1: Called Strike
1-2: Strikes out swinging
Batting: RHB Leonard Jones 0-0: Swinging Strike
0-1: SINGLE (Line Drive, 6)
Batting: RHB António Granados 0-0: Ball
1-0: Called Strike
1-1: Ball
2-1: Called Strike
2-2: SINGLE (Groundball, 34D)
Leonard Jones to second
Runner from 2nd tries for 3rd, SAFE, no throw or cutoff
Batting: LHB Kip Burks 0-0: Foul Ball, location: 2F
0-1: Fly out, F5 (Line Drive, 56S)
Batting: RHB Chris Teague 0-0: Ball
1-0: Ball
2-0: Called Strike
2-1: Ball
3-1: Base on Balls
António Granados to second
Batting: RHB Chris Henderson 0-0: Ball
1-0: Ball
2-0: Ball
3-0: Called Strike
3-1: Fly out, F6 (Popup, 56D)
Top of the 8th over - 0 run(s), 2 hit(s), 0 error(s), 3 left on base; Atlantic City 6 - Sun Prairie 2
BOTTOM OF THE 8TH
Sun Prairie Swallows batting - Pitching for Atlantic City Sonics : LHP José Castro
Batting: RHB Dan Bernard 0-0: Ball
1-0: Called Strike
1-1: Ground out 6-3 (Groundball, 56S)
Pitching: LHP Ted Wright
Batting: RHB Dave Moulin 0-0: Hit by Pitch
Batting: RHB Monty Sharp 0-0: Ball
1-0: Ball
Wild Pitch!
Dave Moulin to second
2-0: Called Strike
2-1: Foul Ball, location: 2F
2-2: Fly out, F8 (Flyball, 8LM)
Batting: RHB Barry Welch 0-0: SINGLE (Groundball, 56D)
Dave Moulin to third
Runner from 3rd tries for Home, SAFE, no throw or cutoff
Pitching: RHP Bob Manning
Batting: RHB Jon Erickson 0-0: Ball
1-0: Called Strike
1-1: Foul Ball, location: 2F
1-2: Ball
2-2: Strikes out looking
Bottom of the 8th over - 1 run(s), 1 hit(s), 0 error(s), 1 left on base; Atlantic City 6 - Sun Prairie 3
TOP OF THE 9TH
Atlantic City Sonics batting - Pitching for Sun Prairie Swallows : RHP Lewis Miller
Batting: RHB Marty Hayden 0-0: Called Strike
0-1: SINGLE (Line Drive, 89S)
Batting: RHB Robbie Chambers 0-0: Swinging Strike
0-1: Ball
1-1: Foul Ball, location: 2F
1-2: Foul Ball, location: 2F
1-2: Foul Ball, location: 2F
1-2: Ball
2-2: SINGLE (Groundball, 6MD)
Marty Hayden to second
Throwing error, E8
Marty Hayden scores
Robbie Chambers to second
Pitching: RHP Larry Gordon
Batting: RHB Jim Scott 0-0: Fly out, F8 (Flyball, 8RM)
Runner from 2nd tags up, SAFE at 3rd with throw
Batting: LHB Neal Hart 0-0: Intentional Walk
Batting: RHB Leonard Jones 0-0: Foul Ball, location: 2F
0-1: Ball
1-1: Ball
2-1: Ball
3-1: Foul Ball, location: 2F
3-2: SINGLE (Line Drive, 6D)
Robbie Chambers scores
Neal Hart to second
Batting: RHB António Granados 0-0: Ball
1-0: Grounds into double play, 4-6-3 (Groundball, 34)
Top of the 9th over - 2 run(s), 3 hit(s), 1 error(s), 1 left on base; Atlantic City 8 - Sun Prairie 3
BOTTOM OF THE 9TH
Sun Prairie Swallows batting - Pitching for Atlantic City Sonics : RHP Bob Manning
Pitching: RHP Jim Unknown
Now at 1B: David Snyder
Batting: RHB David Morales 0-0: Called Strike
0-1: Ball
1-1: Foul Ball, location: 2F
1-2: Ball
2-2: Strikes out swinging
Batting: LHB Kent Roberts 0-0: Ball
1-0: Ball
2-0: Foul Ball, location: 2F
2-1: Ground out 3-1 (Groundball, 34)
Batting: RHB Ron Williams 0-0: Called Strike
0-1: Fly out, F8 (Flyball, 8RM)
Bottom of the 9th over - 0 run(s), 0 hit(s), 0 error(s), 0 left on base; Atlantic City 8 - Sun Prairie 3
This league is powered by Out of the Park Baseball, the baseball management simulation game for PC, Mac and Linux
Saturday, July 25th, 2015 - OOTP Baseball 15.6 Build 34